 Dungeon Crawl Stone Soup version 0.31.0-11-ge490571c62 (webtiles) character file.

Game seed: 13735539045007087142

812 stipulation the Grave Robber (level 7, 0/32 HPs)
             Began as a Vine Stalker Necromancer on Jan 27, 2024.
             Slain by a centaur (1 damage)
             ... on level 5 of the Dungeon.
             The game lasted 00:06:44 (5712 turns).

stipulation the Grave Robber (VSNe)                 Turns: 5712, Time: 00:06:45

Health: 0/32       AC:  2    Str: 11    XL:     7   Next: 93%
Magic:  0/17       EV: 12    Int: 17    God:
Gold:   224        SH:  0    Dex: 14    Spells: 10/18 levels left

rFire   . . .        d - +2 short sword (drain)
rCold   . . .        (no shield)
rNeg    . . .        a - +0 robe
rPois   .            (no helmet)
rElec   .            c - scarf {repulsion}
rCorr   .            (no gloves)
SInv    .            (no boots)
Will    .....        (no amulet)
Stlth   ++           (no ring)
HPRegen 1.05/turn    (no ring)
MPRegen 0.15/turn

%: repel missiles, guardian spirit
@: no status effects
A: fangs 2, regeneration 1, magic shield, antimagic bite, no potion heal 2
a: no special abilities


You were on level 5 of the Dungeon.
You visited 1 branch of the dungeon, and saw 5 of its levels.

You collected 224 gold pieces.

Inventory:

Hand Weapons
 d - a +2 short sword of draining (weapon)
Missiles
 u - 2 poisoned darts
Armour
 a - a +0 robe (worn)
 c - a scarf of repulsion (worn)
Wands
 x - a wand of light (5)
Scrolls
 e - 4 scrolls of blinking
 i - 4 scrolls of noise {unknown}
 j - a scroll of enchant weapon {unknown}
 k - a scroll of butterflies
 l - a scroll of poison {unknown}
 m - 2 scrolls of fog
 o - a scroll of immolation {unknown}
 p - a scroll of silence
 q - a scroll of enchant armour {unknown}
 s - a scroll of teleportation
 w - a scroll of identify
Potions
 b - a potion of magic
 f - a potion of mutation {unknown}
 g - a potion of lignification {unknown}
 h - a potion of haste {unknown}
 n - 2 potions of heal wounds {unknown}
 r - a potion of brilliance {unknown}
 t - a potion of curing {unknown}


   Skills:
 - Level 1.5 Dodging
 - Level 2.4 Stealth
 + Level 6.4 Spellcasting
 + Level 7.2 Necromancy
 + Level 0.3 Evocations


You had 10 spell levels left.
You knew the following spells:

 Your Spells              Type           Power      Damage    Failure   Level
a - Necrotise             Necr           100%       1d9       1%          1
b - Vampiric Draining     Necr           30%        2d8       1%          3
c - Animate Dead          Necr           30%        N/A       6%          4

Your spell library contained the following spells:

 Spells                   Type           Power      Damage    Failure   Level
 Freeze                   Ice            20%        1d4       12%         1
 Magic Dart               Conj           20%        1d4       12%         1
 Summon Small Mammal      Summ           20%        N/A       12%         1
 Curse of Agony           Necr           30%        N/A       17%         5
 Blink                    Tloc           10%        N/A       19%         2
 Call Imp                 Summ           10%        N/A       19%         2
 Ensorcelled Hibernation  Hex/Ice        10%        N/A       19%         2
 Call Canine Familiar     Summ           5%         N/A       36%         3
 Dazzling Flash           Conj/Hex       10%        N/A       36%         3
 Frozen Ramparts          Ice            10%        1d2       36%         3
 Hailstorm                Conj/Ice       5%         3d5       36%         3
 Mephitic Cloud           Conj/Alch/Air  5%         N/A       36%         3
 Passwall                 Erth           5%         N/A       36%         3
 Swiftness                Air            5%         N/A       36%         3
 Summon Blazeheart Golem  Fire/Summ      5%         N/A       77%         4
 Silence                  Hex/Air        2%         N/A       98%         5


Dungeon Overview and Level Annotations

Branches:
Dungeon (5/15)             Temple (0/1) D:5

Altars:
Makhleb
Trog
Yredelemnul

Shops:
D:5 *

Annotations:
D:3 1 runed translucent door


Innate Abilities, Weirdness & Mutations

You have extremely sharp teeth.
Your natural rate of healing is unusually fast.
When hurt, damage is shared between your health and your magic reserves.
Your bite disrupts and absorbs the magic of your enemies.
Potions cannot restore your health.


Message History

You don't have enough magic to cast this spell.
Unknown command.
You hit the centaur. You bite the centaur, but do no damage.
The centaur is heavily wounded.
The centaur hits you.
* * * LOW HITPOINT WARNING * * *
The centaur kicks you but does no damage.
Casting: Vampiric Draining (safe; 1% risk of failure)
Confirm with . or Enter, or press ? or * to list all spells.
Aiming: Necrotise (safe; 1% risk of failure)
Press: ? - help, Shift-Dir - straight line, f/p - centaur
Aim: a centaur (heavily wounded, chance to affect: 83%)
The centaur barely resists.
The centaur hits you.
* * * LOW HITPOINT WARNING * * *
The centaur kicks you.
* * * LOW HITPOINT WARNING * * *
The centaur closely misses you. x2
You closely miss the centaur. You bite the centaur. You drain its power.
You feel invigorated.
The centaur is almost dead.
The centaur misses you. The centaur kicks you.
* * * LOW HITPOINT WARNING * * *
You barely miss the centaur. Your bite misses the centaur.
The centaur is almost dead.
The centaur misses you. The centaur closely misses you.
The centaur hits you but does no damage.
The centaur kicks you but does no damage.
You barely miss the centaur.
The centaur is almost dead.
The centaur hits you.
* * * LOW HITPOINT WARNING * * *
The centaur kicks you but does no damage.
You hit the centaur. Your bite misses the centaur.
The centaur is almost dead.
The centaur barely misses you. The centaur kicks you.
* * * LOW HITPOINT WARNING * * *
The centaur hits you.
* * * LOW HITPOINT WARNING * * *
The centaur kicks you.
You die...

#......# #.....
#......# #.....
######.######
#.....
#...#...#...#
#.....
#.⌠...⌠.#.>.#
#.....
#...#...#...######
#....[
######.###.##....#
#.....
#...#...#..c####.#
#.....
#.⌠...⌠...@.#
#.##########
#...#...#...#
#...........
##.###.######
############ #..
#... #. #.⌠.. #
#..?# #####


You could see a centaur.

Vanquished Creatures
  Prince Ribbit (D:5)
  A water moccasin (D:5)
  An ogre (D:4)
  A scorpion (D:4)
  A hound (D:5)
  An orc priest (D:3)
  3 iguanas
  An orc wizard (D:3)
  Natasha (thrice) (D:2)
  5 adders
  A shadow imp (D:5)
  3 ribbon worms
  3 dart slugs
  3 orcs (D:3)
  5 bats
  4 endoplasms
  3 giant cockroaches
  5 goblins
  7 hobgoblins
  5 kobolds
  3 quokkas
  9 ball pythons
  4 frilled lizards
  A kobold skeleton (D:3)
  A kobold zombie (D:3)
  4 rats
79 creatures vanquished.

Vanquished Creatures (collateral kills)
  2 endoplasms
2 creatures vanquished.

Grand Total: 81 creatures vanquished

Notes
Turn   | Place    | Note
-------+----------+-------------------------------------------
     0 | D:1      | stipulation the Vine Stalker Necromancer began the quest
                  | for the Orb.
     0 | D:1      | Reached XP level 1. HP: 9/9 MP: 4/4
   323 | D:1      | Reached XP level 2. HP: 11/13 MP: 3/6
  1563 | D:2      | Reached XP level 3. HP: 16/16 MP: 6/8
  1785 | D:2      | Noticed Natasha
  1830 | D:2      | Killed Natasha
  1873 | D:2      | Learned a level 3 spell: Vampiric Draining
  1889 | D:2      | Reached XP level 4. HP: 21/21 MP: 7/10
  2007 | D:2      | Noticed Natasha
  2014 | D:2      | Killed Natasha
  2015 | D:2      | Reached skill level 5 in Necromancy
  2104 | D:2      | Identified the +3 ring mail of Yceicoq {rElec Str+4}
  2407 | D:2      | Noticed Natasha
  2417 | D:2      | Killed Natasha
  2418 | D:2      | Reached XP level 5. HP: 23/24 MP: 4/11
  2725 | D:3      | Learned a level 4 spell: Animate Dead
  2975 | D:3      | Found a runed translucent door.
  2975 | D:3      | Noticed a human
  2995 | D:3      | Found a basalt altar of Yredelemnul.
  3059 | D:3      | Found a burning altar of Makhleb.
  3236 | D:3      | Reached XP level 6. HP: 28/28 MP: 2/13
  3881 | D:4      | Reached skill level 5 in Spellcasting
  3881 | D:4      | Reached skill level 6 in Necromancy
  4553 | D:4      | Reached XP level 7. HP: 32/32 MP: 9/16
  4939 | D:5      | Entered Level 5 of the Dungeon
  5045 | D:5      | Noticed Prince Ribbit
  5061 | D:5      | Killed Prince Ribbit
  5181 | D:5      | Reached skill level 7 in Necromancy
  5263 | D:5      | Found Edessah's Lightly-Used Armoury.
  5263 | D:5      | Found a bloodstained altar of Trog.
  5704 | D:5      | Found a staircase to the Ecumenical Temple.
  5712 | D:5      | HP: 1/32 [centaur (2)]
  5712 | D:5      | Slain by a centaur

Illustrated notes

Levels and vault maps discovered:
D:1:      wander_arrival_chamber, layout_basic
D:2:      layout_basic, uniq_natasha
D:3:      layout_basic, dk_yredelemnul_ordeal, lemuel_coloured_pillars_altar
D:4:      layout_basic
D:5:      layout_basic, dreamdust_divine_triumvirate,
          mainiacjoe_overflow_small_starburst, minmay_temple_entry_nine_rooms,
          minmay_shop_damaged, kennysheep_doodads,
          hangedman_abyss_or_decor_stabs, uniq_blork_the_orc,
          uniq_prince_ribbit1

Skill      XL: |  1  2  3  4  5  6  7 |
---------------+----------------------+-----
Spellcasting   | 3 4 5 6 |  6.4
Necromancy     | 5 6 7 |  7.2
Dodging        | |  1.5
Stealth        | |  2.4
Evocations     | |  0.3

Action                     |  1- 3 |  4- 6 |  7- 9 || total
---------------------------+-------+-------+-------++-------
  Melee: Unarmed           |     6 |     1 |       ||     7
         Bite              |     2 |     7 |     7 ||    16
         Short sword       |       |    20 |    23 ||    43
  Throw: Dart              |       |       |     3 ||     3
   Cast: Necrotise         |    58 |    75 |     8 ||   141
         Vampiric Draining |       |    10 |     8 ||    18
  Evoke: Wand              |       |       |    22 ||    22
    Use: Scroll            |     1 |     4 |       ||     5
   Stab: Sleeping          |     1 |       |       ||     1
 Armour: Robe              |     9 |    25 |    35 ||    69
  Dodge: Dodged            |    14 |    18 |    27 ||    59
         Repelled          |     1 |     3 |       ||     4
